 Dungeon Crawl Stone Soup version 0.29.0-4-gdea44cf6ec (webtiles) character file.

Game seed: 11634676936729619341

224302 qw the Tortoise (level 18, -1/176 HPs)
             Began as a Minotaur Berserker on Sept 4, 2022.
             Was a High Priest of Trog.
             Slain by a tentacled monstrosity (18 damage)
             ... on level 2 of the Vaults.
             The game lasted 00:15:38 (43384 turns).

qw the Tortoise (Minotaur Berserker)               Turns: 43384, Time: 00:15:38

Health: -1/176     AC: 46    Str: 31      XL:     18   Next: 58%
Magic:  17/17      EV:  9    Int:  2 (4)  God:    Trog [*****.]
Gold:   521        SH: 22    Dex:  9      Spells: 17/17 levels left

rFire   + + .      SeeInvis +   d - +2 broad axe (vamp)
rCold   + . .      Faith    .   r - +2 tower shield {rF+}
rNeg    . . .      Spirit   .   x - +9 scales of the Dragon King {rPois rF+ rC+ Will+}
rPois   +          Reflect  .   q - +2 hat
rElec   .          Harm     .   m - +2 cloak
rCorr   .          Rampage  .   h - +3 pair of gauntlets of War {Slay+5}
Will    ++++.                   n - +2 pair of boots
Stlth   ..........              b - amulet of regeneration
HPRegen 2.19/turn               s - +4 ring of evasion
MPRegen 0.15/turn               z - ring of see invisible

@: about to teleport, strong-willed, on berserk cooldown, regenerating, slowed,
constricted, very slow
A: horns 2, retaliatory headbutt
}: 1/15 runes: serpentine
a: Renounce Religion, Berserk, Trog's Hand, Brothers in Arms


You were on level 2 of the Vaults.
You worshipped Trog.
Trog was extremely pleased with you.
You visited 6 branches of the dungeon, and saw 31 of its levels.
You visited 1 bazaar.

You collected 2869 gold pieces.
You spent 2348 gold pieces at shops.


Innate Abilities, Weirdness & Mutations

You have a pair of horns on your head.
You reflexively headbutt those who attack you in melee.


   Skills:
 - Level 19.0 Fighting
 - Level 18.0 Axes
 - Level 11.0 Throwing
 + Level 20.3 Armour
 - Level 7.0 Dodging
 - Level 20.2 Shields


You had 17 spell levels left.
You didn't know any spells.
Your spell library was empty.

Inventory:

Hand Weapons
 d - a +2 vampiric broad axe (weapon)
Missiles
 a - 24 boomerangs
 t - 2 silver javelins (quivered)
Armour
 h - the +3 pair of gauntlets of War (worn) {Slay+5}
   (You acquired it on level 13 of the Dungeon)

   Slay:      It affects your accuracy & damage with ranged weapons and melee
   (+5).
 m - a +2 cloak (worn)
 n - a +2 pair of boots (worn)
 q - a +2 hat (worn)
 r - a +2 tower shield of fire resistance (worn)
 x - the +9 scales of the Dragon King (worn) {rPois rF+ rC+ Will+}
   (You found it on level 15 of the Dungeon)

   rF:        It protects you from fire.
   rC:        It protects you from cold.
   rPois:     It protects you from poison.
   Will:      It increases your willpower.
Jewellery
 b - an amulet of regeneration (around neck)
 k - a +4 ring of protection
 s - a +4 ring of evasion (left hand)
 z - a ring of see invisible (right hand)
Scrolls
 g - 14 scrolls of identify
 p - 7 scrolls of teleportation
 w - a scroll of enchant armour
Potions
 c - a potion of resistance
 e - 3 potions of cancellation
 f - 4 potions of haste
 i - 5 potions of mutation
 j - a potion of might
 l - a potion of experience {unknown}
 o - 4 potions of heal wounds
 v - 8 potions of curing

Dungeon Overview and Level Annotations

Branches:
Dungeon (15/15)            Temple (0/1) D:6            Lair (5/5) D:11
 Shoals (3/4) Lair:3        Snake (4/4) Lair:2        Slime (0/5) Lair:5
    Orc (2/2) D:12            Elf (0/3) Orc:2        Vaults (2/5) D:13
 Depths (0/4) D:15
  Crypt: Vaults:2-3

Altars:
Cheibriados
Elyvilon
Gozag
Sif Muna
Trog
Vehumet
Xom
The Shining One
Jiyva

Shops:
D:1 =   Orc:2 ([(=   Snake:2 *(   Vaults:2 *

Portals:
Abyss: Lair:1
Trove: D:12 (give 2 scrolls of acquirement)

Annotations:
D:7 1 runed translucent door, Crazy Yiuf
D:12 1 runed translucent door
Lair:1 2 transporters, qw's ghost, journeyman TrCA
Lair:5 3 runed translucent doors
Shoals:2 2 transporters, qw's ghost, adept TrCA
Shoals:3 1 runed translucent door, qw's ghost, adept FoCA
Snake:2 2 transporters, qw's ghost, adept TrCA
Snake:4 3 runed translucent doors, wjtupper's ghost, adept MiHu
Orc:2 1 runed translucent door, qw's ghost, journeyman TrCA


Message History

The bolt of negative energy misses you.
The bolt of negative energy hits your two-headed ogre!!
Your two-headed ogre is drained!
Your two-headed ogre dies!
Your two-headed ogre's corpse disappears in a puff of smoke!
You block the tentacled monstrosity's attack.
The tentacled monstrosity tentacle-slaps you!
The tentacled monstrosity tentacle-slaps you.
The tentacled monstrosity grabs you.
The tentacled monstrosity constricts you.
A great orb of eyes comes into view.
The ettin hits you but does no damage. The ettin barely misses you.
A large slime creature splits.
You hear a roar!
43383 ||| INVOKING Brothers in Arms.
Your ogre goes berserk!
The tengu reaver points at you and mumbles some strange words.
The bolt of cold hits you but does no damage.
You block the ettin's attack. x2
The vault sentinel blows a loud note on a signal horn!
The tentacled monstrosity tentacle-slaps you but does no damage.
You block the tentacled monstrosity's attack.
The tentacled monstrosity tentacle-slaps you but does no damage.
The tentacled monstrosity constricts you!
The great orb of eyes bites your ogre!!
Two slime creatures merge to form a large slime creature.
The tengu reaver hits you with a +1 bardiche!!
You block the tengu reaver's attack.
The tengu reaver claws you but does no damage.
43384 ||| READING 8 scrolls of teleportation.
As you read the scroll of teleportation, it crumbles to dust.
You feel strangely unstable.
Your ogre hits the tengu reaver with a +0 giant club!!
The ettin barely misses you. You block the ettin's attack.
A slime creature comes into view.
The great orb of eyes bites your ogre. You block the deep troll's attack.
The deep troll claws you but does no damage. x2
The tentacled monstrosity tentacle-slaps you.
The tentacled monstrosity tentacle-slaps you!!
You die...

.....#
#.......#
.....#
#######'###
.....#
#........#
.....#
#........#
.....#
#........#
'#####
#......).#
....#
#...[<)..#
....#
#.....)T.#
....#
#....(@Q.#
....#
#.....XCO#
....#
#######G##
....#
#.J..pp
....# ##p.
J## >...#
##p ##
....# ....#
....#


You could see a tentacled monstrosity (strong), a tengu reaver (strong, ally
target), a great orb of eyes (strong), an ettin, a large slime creature, a slime
creature, a deep troll, a vault sentinel (catching breath), an ironbound
convoker and a friendly ogre (summoned, berserk).

Vanquished Creatures
  Saint Roka (Orc:2)
  Rupert (Lair:5)
  A titan (Vaults:2)
  A kraken (Shoals:2)
  Agnes (Snake:1)
  Roxanne (Snake:2)
  5 nagarajas
  Aizul (Snake:1)
  An orc warlord (Orc:2)
  2 vault wardens
  4 ironbound preservers
  2 very ugly things (Vaults:1)
  2 ironbound thunderhulks (Vaults:2)
  A deep elf demonologist (Vaults:2)
  2 dire elephants
  Azrael (D:15)
  An ettin (Orc:1)
  A merfolk javelineer (Shoals:1)
  Snorg (Orc:2)
  10 merfolk impalers
  Josephine (Orc:2)
  3 great orbs of eyes
  A vault guard (D:12)
  A rakshasa (D:8)
  2 yaktaur captains
  3 hydras
  A salamander tyrant (Snake:4)
  2 ironbound frosthearts (Vaults:1)
  9 boulder beetles
  2 catoblepae
  An alligator (Shoals:1)
  A merfolk avatar (Shoals:1)
  4 centaur warriors
  15 anacondas
  A tengu warrior (D:14)
  4 death yaks (Lair:4)
  2 satyrs
  A vampire mage (D:15)
  17 naga warriors
  3 two-headed ogres
  An orc high priest (Orc:2)
  8 naga sharpshooters
  Urug (Lair:5)
  6 shock serpents
  Sonja (D:10)
  A fire crab (Lair:5)
  7 skeletal warriors (D:15)
  2 salamander mystics
  12 sea snakes
  7 naga ritualists
  A glowing orange brain (Vaults:2)
  13 deep trolls
  A necromancer (D:15)
  An orc knight (Orc:1)
  5 ironbound convokers
  4 wizards
  15 harpies
  20 ugly things
  2 deep elf pyromancers
  7 mana vipers
  10 salamanders
  A wolf spider (D:15)
  2 orc sorcerers (Orc:2)
  6 cyclopes
  10 fauns
  3 merfolk sirens
  Maurice (D:9)
  9 manticores
  20 elephants
  An apocalypse crab (Shoals:1)
  13 naga magi
  6 guardian serpents
  43 black mambas
  4 vault sentinels
  2 molten gargoyles (Lair:5)
  9 cane toads
  3 spriggan zombies (D:15)
  4 yaktaurs (Vaults:2)
  A kobold demonologist (D:12)
  3 rime drakes
  8 komodo dragons
  A freezing wraith (D:15)
  A yaktaur (shapeshifter) (D:8)
  8 trolls
  A meliai (shapeshifter) (D:14)
  15 merfolk
  2 wind drakes (Shoals:1)
  22 slime creatures
  10 blink frogs
  2 polar bears
  6 dream sheep
  8 snapping turtles
  A centaur simulacrum (D:15)
  5 shadows
  4 wraiths (Orc:2)
  4 water elementals
  5 wyverns
  A spriggan skeleton (D:15)
  2 fire elementals (D:15)
  10 basilisks
  5 steam dragons
  40 yaks
  8 wargs
  7 vampire mosquitoes
  31 nagas
  4 acid dragons
  15 water moccasins
  9 hell hounds
  2 ice beasts
  A sky beast (D:6)
  33 orc warriors
  2 black bears
  2 ogres (Orc:1)
  11 wolves (Lair:1)
  7 centaurs
  5 kobold brigands
  A phantom (D:5)
  13 bullfrogs
  2 gnoll sergeants
  4 scorpions
  A necrophage (D:4)
  8 wights
  9 killer bees
  2 jellies
  An electric eel (D:13)
  17 howler monkeys
  4 lava snakes (Lair:5)
  21 orc priests
  3 hounds
  2 gnoll boudas
  4 iguanas
  22 orc wizards
  28 gnolls
  12 adders
  A shadow imp (D:5)
  A white imp (D:8)
  3 worms
  5 dart slugs
  102 orcs
  6 endoplasms
  3 giant cockroaches (D:1)
  6 hobgoblins
  A jackal (D:2)
  23 kobolds
  4 quokkas
  10 ball pythons
  5 bats
  5 frilled lizards
  12 goblins
  5 rats (D:1)
  3 tentacles (Shoals:2)
1027 creatures vanquished.

Vanquished Creatures (collateral kills)
  4 nagarajas (Snake:4)
  A stone giant (Vaults:2)
  A merfolk impaler (Shoals:1)
  A yaktaur captain (Vaults:2)
  4 hydras
  3 naga ritualists (Snake:4)
  A merfolk siren (Shoals:1)
  3 merfolk (Shoals:1)
  3 yaks (Lair:4)
  2 vampire mosquitoes (D:12)
  A naga (Snake:4)
  A hell hound (Lair:5)
  An orc wizard (Orc:1)
  An orc (Orc:1)
27 creatures vanquished.

Vanquished Creatures (others)
  An apocalypse crab (Shoals:1)
  An orc priest (Orc:2)
  16 fungi
  80 plants
  5 tentacles (Shoals:2)
  A withered plant (D:15)
104 creatures vanquished.

Grand Total: 1158 creatures vanquished

Notes
Turn   | Place    | Note
-------+----------+-------------------------------------------
     0 | D:1      | qw the Minotaur Berserker began the quest for the Orb.
     0 | D:1      | Reached XP level 1. HP: 19/19 MP: 0/0
     0 | D:1      | 0 ||| qw: Version: 0.1-a-103-gd6f5d3a
     0 | D:1      | 0 ||| qw: Game counter: 5373
     0 | D:1      | 0 ||| qw: Always use a shield: true
     0 | D:1      | 0 ||| qw: Do Orc after D:15 true
     0 | D:1      | 0 ||| qw: Do second Lair branch before Depths: true
     0 | D:1      | 0 ||| qw: Lair rune preference: random
     0 | D:1      | 0 ||| qw: Plans: Normal
     0 | D:1      | 0 ||| PLANNING D:1-11
    52 | D:1      | 52 ||| Stepping ~*~*~tactically~*~*~ (hiding).
    54 | D:1      | 54 ||| Stepping ~*~*~tactically~*~*~ (hiding).
   184 | D:1      | Reached XP level 2. HP: 23/26 MP: 1/1
   257 | D:1      | 257 ||| Stepping ~*~*~tactically~*~*~ (stealth).
   266 | D:1      | 266 ||| Stepping ~*~*~tactically~*~*~ (stealth).
   269 | D:1      | 269 ||| Stepping ~*~*~tactically~*~*~ (stealth).
   271 | D:1      | 271 ||| Stepping ~*~*~tactically~*~*~ (stealth).
   274 | D:1      | 274 ||| Stepping ~*~*~tactically~*~*~ (stealth).
   275 | D:1      | 275 ||| Stepping ~*~*~tactically~*~*~ (stealth).
   281 | D:1      | 281 ||| DROPPING +0 club.
   798 | D:1      | Reached XP level 3. HP: 31/31 MP: 2/2
   934 | D:1      | Reached ** piety under Trog
   962 | D:1      | Found Ahum Lami's Jewellery Shoppe.
   965 | D:1      | 965 ||| SHOPLISTING +6 ring of dexterity (504 gold, have
                  | 32).
   965 | D:1      | 965 ||| SHOPLISTING +6 ring of strength (504 gold, have
                  | 32).
   965 | D:1      | 965 ||| SHOPLISTING amulet of Absolutism {Regen+ Int+4}
                  | (635 gold, have 32).
   965 | D:1      | 965 ||| SHOPLISTING amulet of regeneration (420 gold, have
                  | 32).
   965 | D:1      | 965 ||| SHOPLISTING amulet of the acrobat (420 gold, have
                  | 32).
   965 | D:1      | 965 ||| SHOPLISTING ring of Kuqiam {rC+ rCorr Stlth+} (565
                  | gold, have 32).
   965 | D:1      | 965 ||| SHOPLISTING ring of ice (350 gold, have 32).
   965 | D:1      | 965 ||| SHOPLISTING ring of protection from fire (350 gold,
                  | have 32).
   965 | D:1      | 965 ||| SHOPLISTING ring of see invisible (210 gold, have
                  | 32).
  1285 | D:1      | 1285 ||| UPGRADING to +0 chain mail.
  1295 | D:1      | 1295 ||| DROPPING +0 animal skin.
  1296 | D:1      | 1296 ||| READING scroll labelled ZOPHAV HUILUGU.
  1297 | D:1      | 1297 ||| READING scroll labelled TIUNTIV DUTZ.
  1298 | D:1      | 1298 ||| READING scroll labelled VEYHIE XIORGHUU.
  1299 | D:1      | 1299 ||| Stepping randomly (stuck).
  1300 | D:1      | 1300 ||| Stepping ~*~*~tactically~*~*~ (cloud).
  1660 | D:2      | Found a faded altar of an unknown god.
  1688 | D:2      | 1688 ||| Stepping ~*~*~tactically~*~*~ (stealth).
  1890 | D:2      | Reached skill level 6 in Axes
  1890 | D:2      | Reached XP level 4. HP: 36/39 MP: 3/3
  2240 | D:2      | 2240 ||| DROPPING +0 vorpal hand axe.
  2508 | D:2      | Reached XP level 5. HP: 45/45 MP: 4/4
  2720 | D:2      | 2720 ||| READING scroll labelled HEATRE HETROMI.
  2721 | D:2      | 2721 ||| READING 2 scrolls labelled HOPHET HAP.
  2722 | D:2      | 2722 ||| READING scroll labelled JIAPEN SERYO.
  2727 | D:2      | 2727 ||| READING scroll labelled SASILE SYZAWI.
  2746 | D:3      | 2746 ||| STAIRDANCE
  2848 | D:3      | 2848 ||| Stepping ~*~*~tactically~*~*~ (stealth).
  2849 | D:3      | 2849 ||| Stepping ~*~*~tactically~*~*~ (stealth).
  2856 | D:3      | 2856 ||| Stepping ~*~*~tactically~*~*~ (stealth).
  2936 | D:3      | 2936 ||| Stepping ~*~*~tactically~*~*~ (stealth).
  2940 | D:3      | 2940 ||| INVOKING Berserk.
  3158 | D:3      | 3158 ||| Stepping ~*~*~tactically~*~*~ (hiding).
  3485 | D:3      | 3485 ||| READING scroll labelled REYSTR TYGE.
  3486 | D:3      | 3486 ||| DRINKING 2 murky coppery potions.
  3487 | D:3      | 3487 ||| DRINKING 2 black potions.
  3488 | D:3      | 3488 ||| READING 2 scrolls of identify.
  3488 | D:3      | 3488 ||| IDENTIFYING lumpy dark potion
  3489 | D:3      | 3489 ||| DROPPING potion of degeneration.
  3539 | D:4      | 3539 ||| INVOKING Berserk.
  3547 | D:4      | Reached XP level 6. HP: 52/52 MP: 5/5
  3553 | D:4      | Reached *** piety under Trog
  3562 | D:4      | 3562 ||| FLEEEEING.
  3699 | D:4      | 3699 ||| INVOKING Berserk.
  3706 | D:4      | Reached skill level 9 in Axes
  3787 | D:4      | 3787 ||| DROPPING +0 whip.
  3948 | D:4      | 3948 ||| Stepping ~*~*~tactically~*~*~ (stealth).
  4305 | D:4      | Reached XP level 7. HP: 61/61 MP: 6/6
  4546 | D:4      | 4546 ||| UPGRADING to +0 plate armour.
  4556 | D:4      | 4556 ||| DROPPING +0 chain mail.
  4557 | D:4      | 4557 ||| UPGRADING to +0 buckler.
  4597 | D:5      | Entered Level 5 of the Dungeon
  4602 | D:5      | 4602 ||| STAIRDANCE
  4612 | D:4      | 4612 ||| INVOKING Berserk.
  4613 | D:4      | HP: 22/91 [ice beast (8)]
  4856 | D:5      | Reached skill level 3 in Armour
  4868 | D:5      | Reached skill level 3 in Shields
  4876 | D:5      | Identified the +7 hand axe "Lewoemat" {vorpal, rN+}
  4877 | D:5      | 4877 ||| FLEEEEING.
  4886 | D:5      | 4886 ||| INVOKING Berserk.
  4889 | D:5      | HP: 22/91 [gnoll bouda/+0 club (3)]
  4900 | D:5      | HP: 10/91 [gnoll/+0 halberd[a gnoll bouda] (4)]
  4957 | D:5      | 4957 ||| INVOKING Berserk.
  5154 | D:5      | 5154 ||| SWAPPING to +7 hand axe "Lewoemat" {vorpal, rN+}.
  5155 | D:5      | 5155 ||| DROPPING +1 hand axe of venom.
  5212 | D:5      | Reached XP level 8. HP: 68/68 MP: 7/7
  5356 | D:5      | Found a shimmering blue altar of Sif Muna.
  5464 | D:5      | 5464 ||| INVOKING Berserk.
  5628 | D:5      | 5628 ||| DROPPING scarf of shadows.
  5629 | D:5      | 5629 ||| READING scroll labelled TAOFIY YKIOSOE.
  5630 | D:5      | 5630 ||| READING scroll labelled YFIQEJ NAURR.
  5631 | D:5      | 5631 ||| READING 2 scrolls of identify.
  5631 | D:5      | 5631 ||| IDENTIFYING pink potion
  5662 | D:6      | 5662 ||| Stepping ~*~*~tactically~*~*~ (stealth).
  5679 | D:6      | 5679 ||| FLEEEEING.
  5680 | D:6      | 5680 ||| FLEEEEING.
  5681 | D:6      | 5681 ||| FLEEEEING.
  5685 | D:6      | 5685 ||| FLEEEEING.
  5686 | D:6      | 5686 ||| STAIRDANCE
  5718 | D:6      | 5718 ||| STAIRDANCE
  5727 | D:5      | Reached skill level 6 in Fighting
  5853 | D:6      | 5853 ||| STAIRDANCE
  6106 | D:6      | 6106 ||| Stepping ~*~*~tactically~*~*~ (stealth).
  6146 | D:6      | 6146 ||| Stepping ~*~*~tactically~*~*~ (stealth).
  6226 | D:6      | 6226 ||| Stepping ~*~*~tactically~*~*~ (hiding).
  6242 | D:6      | 6242 ||| INVOKING Berserk.
  6436 | D:6      | 6436 ||| Stepping ~*~*~tactically~*~*~ (hiding).
  6439 | D:6      | 6439 ||| Stepping ~*~*~tactically~*~*~ (hiding).
  6656 | D:6      | 6656 ||| Stepping ~*~*~tactically~*~*~ (hiding).
  7065 | D:6      | 7065 ||| INVOKING Berserk.
  7183 | D:6      | Found a staircase to the Ecumenical Temple.
  7338 | D:6      | Reached XP level 9. HP: 67/75 MP: 8/8
  7415 | D:6      | 7415 ||| INVOKING Berserk.
  7581 | D:6      | Reached skill level 12 in Axes
  7767 | D:6      | 7767 ||| DROPPING orb of wrath.
  7768 | D:6      | 7768 ||| UPGRADING to +1 hat.
  7773 | D:6      | 7773 ||| READING 2 scrolls of identify.
  7773 | D:6      | 7773 ||| IDENTIFYING sedimented purple potion
  7825 | D:7      | 7825 ||| STAIRDANCE
  7830 | D:7      | 7830 ||| STAIRDANCE
  7837 | D:6      | 7837 ||| INVOKING Berserk.
  8130 | D:7      | 8130 ||| INVOKING Berserk.
  8271 | D:7      | 8271 ||| INVOKING Berserk.
  8525 | D:7      | Found a runed translucent door.
  8526 | D:7      | Noticed Crazy Yiuf
  8661 | D:7      | 8661 ||| Stepping ~*~*~tactically~*~*~ (stealth).
  8662 | D:7      | 8662 ||| Stepping ~*~*~tactically~*~*~ (stealth).
  8824 | D:7      | 8824 ||| READING scroll of enchant armour.
  8824 | D:7      | 8824 ||| ENCHANTING +1 hat.
  8853 | D:7      | 8853 ||| Stepping ~*~*~tactically~*~*~ (hiding).
  8906 | D:7      | You fall into a shaft and drop 3 floors!
  8906 | D:10     | Entered Level 10 of the Dungeon
  8935 | D:10     | Reached skill level 6 in Armour
  9135 | D:10     | 9135 ||| Stepping ~*~*~tactically~*~*~ (stealth).
  9142 | D:10     | Reached XP level 10. HP: 76/88 MP: 9/9
  9308 | D:10     | Noticed Sonja
  9317 | D:10     | 9317 ||| INVOKING Berserk.
  9317 | D:10     | HP: 32/132 [poisoned by Sonja (curare-tipped dart)]
  9319 | D:10     | HP: 12/132 [Sonja/+2 short sword of distortion (4)]
  9320 | D:10     | Killed Sonja
  9321 | D:10     | Reached skill level 9 in Fighting
  9322 | D:10     | HP: 1/91 [poisoned by Sonja (curare-tipped dart)]
  9323 | D:10     | 9323 ||| DRINKING potion of curing.
  9323 | D:10     | 9323 ||| (to cure poison)
  9683 | D:10     | 9683 ||| DROPPING orb of guile.
  9684 | D:10     | 9684 ||| UPGRADING to ring of willpower.
  9685 | D:10     | 9685 ||| DRINKING 2 yellow potions.
  9686 | D:10     | 9686 ||| DRINKING 3 cyan potions.
  9687 | D:10     | 9687 ||| DROPPING potion of flight.
  9688 | D:10     | 9688 ||| DROPPING 2 potions of brilliance.
 10015 | D:8      | Reached skill level 6 in Shields
 10050 | D:8      | Noticed a boulder beetle
 10051 | D:8      | 10051 ||| INVOKING Berserk.
 10055 | D:8      | Reached skill level 3 in Dodging
 10061 | D:8      | Reached **** piety under Trog
 10069 | D:8      | Killed a boulder beetle
 10159 | D:8      | Noticed a boulder beetle
 10159 | D:8      | Noticed a rakshasa
 10161 | D:8      | 10161 ||| INVOKING Berserk.
 10171 | D:8      | Killed a boulder beetle
 10179 | D:8      | Killed a rakshasa
 10180 | D:8      | Reached XP level 11. HP: 50/101 MP: 10/10
 10487 | D:8      | 10487 ||| INVOKING Berserk.
 10608 | D:8      | 10608 ||| UPGRADING to ring of positive energy.
 10610 | D:8      | 10610 ||| READING 6 scrolls of teleportation.
 10610 | D:8      | Noticed a two-headed ogre
 10629 | D:8      | 10629 ||| Stepping ~*~*~tactically~*~*~ (water).
 10666 | D:8      | 10666 ||| INVOKING Berserk.
 10682 | D:8      | 10682 ||| Stepping ~*~*~tactically~*~*~ (stealth).
 10683 | D:8      | 10683 ||| Stepping ~*~*~tactically~*~*~ (stealth).
 10735 | D:8      | 10735 ||| SWAPPING to +0 war axe.
 10736 | D:8      | 10736 ||| DROPPING +7 hand axe "Lewoemat" {vorpal, rN+}.
 10737 | D:8      | 10737 ||| READING scroll of enchant weapon.
 10737 | D:8      | 10737 ||| ENCHANTING +0 war axe.
 10785 | D:8      | 10785 ||| Stepping ~*~*~tactically~*~*~ (stealth).
 10827 | D:8      | 10827 ||| READING 5 scrolls of teleportation.
 11178 | D:7      | 11178 ||| READING 4 scrolls of teleportation.
 11222 | D:8      | 11222 ||| Stepping ~*~*~tactically~*~*~ (stealth).
 11223 | D:8      | 11223 ||| Stepping ~*~*~tactically~*~*~ (stealth).
 11226 | D:8      | 11226 ||| INVOKING Berserk.
 11246 | D:8      | 11246 ||| FLEEEEING.
 11247 | D:8      | 11247 ||| FLEEEEING.
 11248 | D:8      | 11248 ||| FLEEEEING.
 11249 | D:8      | 11249 ||| FLEEEEING.
 11250 | D:8      | 11250 ||| STAIRDANCE
 11390 | D:8      | 11390 ||| Stepping ~*~*~tactically~*~*~ (hiding).
 11398 | D:8      | 11398 ||| Stepping ~*~*~tactically~*~*~ (hiding).
 11403 | D:8      | 11403 ||| Stepping ~*~*~tactically~*~*~ (stealth).
 11414 | D:8      | 11414 ||| INVOKING Berserk.
 11419 | D:8      | Killed a two-headed ogre
 11463 | D:8      | 11463 ||| INVOKING Berserk.
 11514 | D:8      | 11514 ||| Stepping ~*~*~tactically~*~*~ (stealth).
 11549 | D:8      | 11549 ||| READING 3 scrolls of teleportation.
 11550 | D:8      | Noticed a centaur warrior
 11559 | D:8      | 11559 ||| READING 2 scrolls of teleportation.
 11569 | D:8      | 11569 ||| Stepping ~*~*~tactically~*~*~ (hiding).
 11720 | D:8      | 11720 ||| READING scroll of teleportation.
 11732 | D:8      | 11732 ||| Stepping randomly (stuck).
 11733 | D:8      | 11733 ||| Stepping randomly (stuck).
 11734 | D:8      | 11734 ||| Stepping randomly (stuck).
 11743 | D:8      | Killed a centaur warrior
 11744 | D:8      | Reached skill level 15 in Axes
 11895 | D:8      | 11895 ||| Stepping ~*~*~tactically~*~*~ (stealth).
 11896 | D:8      | 11896 ||| Stepping randomly (stuck).
 11897 | D:8      | 11897 ||| Stepping ~*~*~tactically~*~*~ (stealth).
 11898 | D:8      | 11898 ||| Stepping randomly (stuck).
 11899 | D:8      | 11899 ||| Stepping randomly (stuck).
 11900 | D:8      | 11900 ||| Stepping ~*~*~tactically~*~*~ (hiding).
 11901 | D:8      | 11901 ||| Stepping ~*~*~tactically~*~*~ (hiding).
 11903 | D:8      | 11903 ||| INVOKING Berserk.
 12063 | D:8      | Identified the +1 scale mail "Seticeu" {Int+6}
 12113 | D:8      | 12113 ||| Stepping ~*~*~tactically~*~*~ (hiding).
 12114 | D:8      | 12114 ||| INVOKING Berserk.
 12352 | D:8      | 12352 ||| Stepping ~*~*~tactically~*~*~ (stealth).
 12580 | D:9      | Noticed Maurice
 12581 | D:9      | 12581 ||| Stepping ~*~*~tactically~*~*~ (stealth).
 12602 | D:9      | 12602 ||| Stepping ~*~*~tactically~*~*~ (hiding).
 12603 | D:9      | 12603 ||| Stepping ~*~*~tactically~*~*~ (hiding).
 12627 | D:9      | 12627 ||| Stepping ~*~*~tactically~*~*~ (stealth).
 12631 | D:9      | 12631 ||| Stepping ~*~*~tactically~*~*~ (stealth).
 12633 | D:9      | Killed Maurice
 12664 | D:9      | 12664 ||| Stepping ~*~*~tactically~*~*~ (stealth).
 12707 | D:9      | 12707 ||| FLEEEEING.
 12712 | D:9      | 12712 ||| INVOKING Berserk.
 12712 | D:9      | HP: 32/153 [poisoned by a kobold brigand (curare-tipped
                  | dart)]
 12717 | D:9      | HP: 13/153 [poisoned by a kobold brigand (curare-tipped
                  | dart)]
 12720 | D:9      | HP: 4/102 [poisoned by a kobold brigand (curare-tipped
                  | dart)]
 12721 | D:9      | 12721 ||| DRINKING potion of curing.
 12721 | D:9      | 12721 ||| (to cure poison)
 13068 | D:9      | 13068 ||| Stepping ~*~*~tactically~*~*~ (stealth).
 13075 | D:9      | 13075 ||| Stepping ~*~*~tactically~*~*~ (stealth).
 13093 | D:9      | Reached skill level 9 in Armour
 13227 | D:9      | 13227 ||| Stepping ~*~*~tactically~*~*~ (hiding).
 13229 | D:9      | 13229 ||| Stepping ~*~*~tactically~*~*~ (hiding).
 13230 | D:9      | 13230 ||| Stepping ~*~*~tactically~*~*~ (hiding).
 13231 | D:9      | 13231 ||| Stepping ~*~*~tactically~*~*~ (hiding).
 13236 | D:9      | 13236 ||| Stepping ~*~*~tactically~*~*~ (hiding).
 13237 | D:9      | 13237 ||| Stepping ~*~*~tactically~*~*~ (hiding).
 13468 | D:9      | Found a snail-covered altar of Cheibriados.
 13507 | D:9      | 13507 ||| Stepping ~*~*~tactically~*~*~ (stealth).
 13510 | D:9      | 13510 ||| Stepping ~*~*~tactically~*~*~ (stealth).
 13512 | D:9      | 13512 ||| Stepping ~*~*~tactically~*~*~ (hiding).
 13520 | D:9      | 13520 ||| INVOKING Berserk.
 13529 | D:9      | 13529 ||| Stepping ~*~*~tactically~*~*~ (stealth).
 13530 | D:9      | 13530 ||| Stepping ~*~*~tactically~*~*~ (stealth).
 13854 | D:9      | 13854 ||| UPGRADING to +0 cloak.
 13938 | D:10     | 13938 ||| Stepping ~*~*~tactically~*~*~ (stealth).
 13944 | D:10     | 13944 ||| Stepping ~*~*~tactically~*~*~ (stealth).
 13947 | D:10     | 13947 ||| Stepping ~*~*~tactically~*~*~ (stealth).
 13949 | D:10     | 13949 ||| Stepping ~*~*~tactically~*~*~ (stealth).
 14282 | D:10     | 14282 ||| Stepping ~*~*~tactically~*~*~ (stealth).
 14284 | D:10     | 14284 ||| Stepping ~*~*~tactically~*~*~ (hiding).
 14290 | D:10     | 14290 ||| INVOKING Berserk.
 14329 | D:10     | 14329 ||| UPGRADING to ring of resist corrosion.
 14331 | D:10     | 14331 ||| Stepping randomly (stuck).
 14332 | D:10     | 14332 ||| Stepping randomly (stuck).
 14334 | D:10     | 14334 ||| Stepping randomly (stuck).
 14335 | D:10     | 14335 ||| Stepping randomly (stuck).
 14365 | D:10     | 14365 ||| UPGRADING to +2 pair of boots.
 14370 | D:10     | 14370 ||| Stepping randomly (stuck).
 14371 | D:10     | 14371 ||| Stepping randomly (stuck).
 14372 | D:10     | 14372 ||| Stepping randomly (stuck).
 14387 | D:10     | 14387 ||| INVOKING Berserk.
 14478 | D:10     | 14478 ||| Stepping randomly (stuck).
 14479 | D:10     | 14479 ||| Stepping randomly (stuck).
 14482 | D:10     | 14482 ||| Stepping randomly (stuck).
 14670 | D:11     | 14670 ||| INVOKING Berserk.
 14677 | D:11     | 14677 ||| STAIRDANCE
 14805 | D:11     | Noticed a boulder beetle
 14810 | D:11     | 14810 ||| INVOKING Berserk.
 14819 | D:11     | Killed a boulder beetle
 14820 | D:11     | Reached skill level 12 in Fighting
 15029 | D:11     | Reached XP level 12. HP: 105/112 MP: 11/11
 15075 | D:11     | 15075 ||| Stepping ~*~*~tactically~*~*~ (stealth).
 15179 | D:11     | 15179 ||| Stepping ~*~*~tactically~*~*~ (stealth).
 15197 | D:11     | Found a staircase to the Lair.
 15269 | D:11     | Found a radiant altar of Vehumet.
 15295 | D:11     | Noticed a boulder beetle
 15296 | D:11     | 15296 ||| Stepping ~*~*~tactically~*~*~ (stealth).
 15301 | D:11     | 15301 ||| INVOKING Berserk.
 15308 | D:11     | Killed a boulder beetle
 15458 | D:11     | 15458 ||| Stepping ~*~*~tactically~*~*~ (stealth).
 15461 | D:11     | 15461 ||| Stepping ~*~*~tactically~*~*~ (stealth).
 15472 | D:11     | Noticed a two-headed ogre
 15473 | D:11     | 15473 ||| FLEEEEING.
 15477 | D:11     | 15477 ||| FLEEEEING.
 15478 | D:11     | 15478 ||| FLEEEEING.
 15479 | D:11     | 15479 ||| FLEEEEING.
 15493 | D:11     | Killed a two-headed ogre
 15829 | D:11     | 15829 ||| Stepping ~*~*~tactically~*~*~ (stealth).
 15831 | D:11     | 15831 ||| Stepping ~*~*~tactically~*~*~ (hiding).
 16095 | D:11     | 16095 ||| PLANNING LAIR
 16095 | D:11     | 16095 ||| UPGRADING to +3 plate armour.
 16105 | D:11     | 16105 ||| DROPPING +0 plate armour.
 16106 | D:11     | 16106 ||| READING 3 scrolls of identify.
 16106 | D:11     | 16106 ||| IDENTIFYING bubbling sapphire potion
 16107 | D:11     | 16107 ||| READING 2 scrolls of identify.
 16107 | D:11     | 16107 ||| IDENTIFYING puce potion
 16108 | D:11     | 16108 ||| DROPPING potion of berserk rage.
 16109 | D:11     | 16109 ||| DROPPING potion of attraction.
 16168 | Lair:1   | Entered Level 1 of the Lair of Beasts
 16189 | Lair:1   | 16189 ||| Stepping ~*~*~tactically~*~*~ (stealth).
 16238 | Lair:1   | 16238 ||| Stepping ~*~*~tactically~*~*~ (stealth).
 16254 | Lair:1   | 16254 ||| Stepping ~*~*~tactically~*~*~ (stealth).
 16335 | Lair:1   | 16335 ||| INVOKING Berserk.
 16411 | Lair:1   | 16411 ||| Stepping ~*~*~tactically~*~*~ (stealth).
 16883 | Lair:1   | Reached skill level 12 in Armour
 16885 | Lair:1   | 16885 ||| INVOKING Berserk.
 17101 | Lair:1   | Found a transporter.
 17101 | Lair:1   | Noticed a hell hog
 17114 | Lair:1   | Noticed qw's ghost (journeyman TrCA)
 17165 | Lair:1   | Found a one-way gate to the infinite horrors of the Abyss.
 17169 | Lair:1   | 17169 ||| READING 3 scrolls of enchant weapon.
 17169 | Lair:1   | 17169 ||| ENCHANTING +1 war axe.
 17170 | Lair:1   | 17170 ||| READING 2 scrolls of enchant weapon.
 17170 | Lair:1   | 17170 ||| ENCHANTING +2 war axe.
 17171 | Lair:1   | 17171 ||| READING scroll of enchant weapon.
 17171 | Lair:1   | 17171 ||| ENCHANTING +3 war axe.
 17189 | Lair:1   | Found a transporter.
 17233 | Lair:1   | Reached skill level 3 in Throwing
 17274 | Lair:1   | 17274 ||| INVOKING Berserk.
 17607 | Lair:1   | 17607 ||| DROPPING orb of guile.
 17737 | Lair:2   | 17737 ||| FLEEEEING.
 17740 | Lair:2   | 17740 ||| FLEEEEING.
 17741 | Lair:2   | 17741 ||| FLEEEEING.
 17742 | Lair:2   | 17742 ||| FLEEEEING.
 17743 | Lair:2   | 17743 ||| FLEEEEING.
 17744 | Lair:2   | 17744 ||| FLEEEEING.
 17745 | Lair:2   | 17745 ||| FLEEEEING.
 17746 | Lair:2   | 17746 ||| FLEEEEING.
 17748 | Lair:2   | 17748 ||| STAIRDANCE
 17791 | Lair:1   | 17791 ||| UPGRADING to +1 cloak.
 17801 | Lair:1   | 17801 ||| DROPPING +0 cloak.
 17802 | Lair:1   | 17802 ||| READING scroll labelled KOMU FALANT.
 17803 | Lair:1   | 17803 ||| DRINKING 3 fuming coppery potions.
 17806 | Lair:2   | 17806 ||| INVOKING Berserk.
 17973 | Lair:2   | Reached skill level 9 in Shields
 18053 | Lair:2   | Found a staircase to the Snake Pit.
 18370 | Lair:2   | 18370 ||| Stepping ~*~*~tactically~*~*~ (stealth).
 18371 | Lair:2   | 18371 ||| Stepping ~*~*~tactically~*~*~ (stealth).
 18374 | Lair:2   | 18374 ||| Stepping ~*~*~tactically~*~*~ (stealth).
 18375 | Lair:2   | 18375 ||| Stepping ~*~*~tactically~*~*~ (stealth).
 18378 | Lair:2   | 18378 ||| FLEEEEING.
 18674 | Lair:2   | 18674 ||| UPGRADING to amulet of regeneration.
 18679 | Lair:2   | 18679 ||| READING 2 scrolls of identify.
 18679 | Lair:2   | 18679 ||| IDENTIFYING metallic golden potion
 18680 | Lair:2   | 18680 ||| DROPPING potion of lignification.
 18722 | Lair:3   | 18722 ||| READING scroll of brand weapon.
 18722 | Lair:3   | 18722 ||| BRANDING +4 war axe.
 18724 | Lair:3   | 18724 ||| Stepping ~*~*~tactically~*~*~ (hiding).
 18822 | Lair:3   | 18822 ||| Stepping ~*~*~tactically~*~*~ (stealth).
 18846 | Lair:3   | 18846 ||| READING scroll of enchant weapon.
 18846 | Lair:3   | 18846 ||| ENCHANTING +4 spectral war axe.
 19211 | Lair:3   | 19211 ||| INVOKING Berserk.
 19464 | Lair:3   | 19464 ||| Stepping ~*~*~tactically~*~*~ (hiding).
 19465 | Lair:3   | 19465 ||| Stepping ~*~*~tactically~*~*~ (hiding).
 19842 | Lair:3   | Found a staircase to the Shoals.
 20053 | Lair:3   | 20053 ||| DRINKING 2 purple potions.
 20106 | Lair:4   | You fall into a shaft and drop 1 floor!
 20106 | Lair:5   | Entered Level 5 of the Lair of Beasts
 20108 | Lair:5   | 20108 ||| Stepping ~*~*~tactically~*~*~ (stealth).
 20108 | Lair:5   | Found a frozen archway.
 20109 | Lair:5   | 20109 ||| Stepping ~*~*~tactically~*~*~ (stealth).
 20116 | Lair:5   | Reached XP level 13. HP: 124/124 MP: 12/12
 20129 | Lair:5   | 20129 ||| READING scroll labelled ETINIAN LEUTO.
 20168 | Lair:4   | 20168 ||| Stepping ~*~*~tactically~*~*~ (stealth).
 20171 | Lair:4   | 20171 ||| Stepping ~*~*~tactically~*~*~ (stealth).
 20191 | Lair:4   | 20191 ||| Stepping ~*~*~tactically~*~*~ (stealth).
 20206 | Lair:4   | Reached ***** piety under Trog
 20308 | Lair:4   | 20308 ||| INVOKING Brothers in Arms.
 20309 | Lair:4   | 20309 ||| INVOKING Brothers in Arms.
 20311 | Lair:4   | 20311 ||| SWAPPING to +0 flail.
 20312 | Lair:4   | 20312 ||| INVOKING Berserk.
 20320 | Lair:4   | 20320 ||| SWAPPING to +5 spectral war axe.
 20459 | Lair:4   | 20459 ||| Stepping ~*~*~tactically~*~*~ (hiding).
 20523 | Lair:4   | 20523 ||| INVOKING Berserk.
 20684 | Lair:4   | 20684 ||| Stepping ~*~*~tactically~*~*~ (stealth).
 20687 | Lair:4   | 20687 ||| INVOKING Berserk.
 20699 | Lair:4   | Reached skill level 15 in Fighting
 20965 | Lair:4   | 20965 ||| Stepping ~*~*~tactically~*~*~ (stealth).
 20967 | Lair:4   | 20967 ||| Stepping ~*~*~tactically~*~*~ (hiding).
 20971 | Lair:4   | 20971 ||| INVOKING Berserk.
 21245 | Lair:4   | 21245 ||| DROPPING amulet of faith.
 21266 | Lair:5   | 21266 ||| INVOKING Brothers in Arms.
 21267 | Lair:5   | 21267 ||| INVOKING Brothers in Arms.
 21268 | Lair:5   | 21268 ||| INVOKING Brothers in Arms.
 21269 | Lair:5   | 21269 ||| INVOKING Brothers in Arms.
 21270 | Lair:5   | 21270 ||| SWAPPING to +0 flail.
 21271 | Lair:5   | 21271 ||| INVOKING Berserk.
 21290 | Lair:5   | 21290 ||| SWAPPING to +5 spectral war axe.
 21408 | Lair:5   | Noticed Urug
 21414 | Lair:5   | 21414 ||| INVOKING Berserk.
 21424 | Lair:5   | Killed Urug
 21436 | Lair:5   | 21436 ||| FLEEEEING.
 21437 | Lair:5   | 21437 ||| FLEEEEING.
 21444 | Lair:5   | 21444 ||| STAIRDANCE
 21550 | Lair:4   | 21550 ||| UPGRADING to +0 kite shield.
 21560 | Lair:4   | 21560 ||| DROPPING +0 buckler.
 21583 | Lair:5   | 21583 ||| Stepping ~*~*~tactically~*~*~ (stealth).
 21587 | Lair:5   | 21587 ||| INVOKING Berserk.
 21812 | Lair:5   | Found a runed translucent door.
 21814 | Lair:5   | Found a viscous altar of Jiyva.
 21817 | Lair:5   | Found a staircase to the Slime Pits.
 21847 | Lair:5   | 21847 ||| Stepping ~*~*~tactically~*~*~ (stealth).
 21853 | Lair:5   | 21853 ||| Stepping ~*~*~tactically~*~*~ (stealth).
 21854 | Lair:5   | 21854 ||| Stepping ~*~*~tactically~*~*~ (stealth).
 21864 | Lair:5   | 21864 ||| INVOKING Brothers in Arms.
 21865 | Lair:5   | 21865 ||| SWAPPING to +0 flail.
 21867 | Lair:5   | 21867 ||| INVOKING Berserk.
 21881 | Lair:5   | 21881 ||| SWAPPING to +5 spectral war axe.
 22068 | Lair:5   | 22068 ||| Stepping ~*~*~tactically~*~*~ (hiding).
 22069 | Lair:5   | 22069 ||| Stepping ~*~*~tactically~*~*~ (hiding).
 22076 | Lair:5   | 22076 ||| Stepping ~*~*~tactically~*~*~ (hiding).
 22078 | Lair:5   | 22078 ||| INVOKING Berserk.
 22201 | Lair:5   | 22201 ||| INVOKING Brothers in Arms.
 22202 | Lair:5   | 22202 ||| INVOKING Brothers in Arms.
 22203 | Lair:5   | 22203 ||| SWAPPING to +0 flail.
 22204 | Lair:5   | 22204 ||| INVOKING Berserk.
 22215 | Lair:5   | 22215 ||| SWAPPING to +5 spectral war axe.
 22358 | Lair:5   | Noticed Rupert
 22359 | Lair:5   | 22359 ||| Stepping ~*~*~tactically~*~*~ (stealth).
 22360 | Lair:5   | 22360 ||| INVOKING Trog's Hand.
 22368 | Lair:5   | 22368 ||| INVOKING Berserk.
 22373 | Lair:5   | Killed Rupert
 22374 | Lair:5   | Reached skill level 12 in Shields
 22374 | Lair:5   | Reached XP level 14. HP: 135/135 MP: 13/13
 22508 | Lair:5   | 22508 ||| READING scroll of enchant armour.
 22508 | Lair:5   | 22508 ||| ENCHANTING +1 cloak.
 22572 | Lair:5   | 22572 ||| Stepping ~*~*~tactically~*~*~ (stealth).
 22573 | Lair:5   | 22573 ||| Stepping ~*~*~tactically~*~*~ (stealth).
 22643 | Lair:5   | 22643 ||| Stepping ~*~*~tactically~*~*~ (stealth).
 22646 | Lair:5   | 22646 ||| Stepping ~*~*~tactically~*~*~ (hiding).
 22707 | Lair:5   | 22707 ||| Stepping ~*~*~tactically~*~*~ (stealth).
 22708 | Lair:5   | 22708 ||| Stepping ~*~*~tactically~*~*~ (stealth).
 22710 | Lair:5   | 22710 ||| READING scroll labelled YLEREO FAWNO.
 22780 | Lair:5   | 22780 ||| Stepping ~*~*~tactically~*~*~ (hiding).
 22822 | Lair:5   | 22822 ||| Stepping ~*~*~tactically~*~*~ (stealth).
 22863 | Lair:5   | 22863 ||| INVOKING Brothers in Arms.
 22868 | Lair:5   | 22868 ||| SWAPPING to +0 flail.
 22869 | Lair:5   | 22869 ||| INVOKING Berserk.
 22879 | Lair:5   | 22879 ||| SWAPPING to +5 spectral war axe.
 22980 | Lair:5   | 22980 ||| Stepping ~*~*~tactically~*~*~ (stealth).
 22982 | Lair:5   | 22982 ||| Stepping ~*~*~tactically~*~*~ (hiding).
 23006 | Lair:5   | Found a large runed translucent door.
 23007 | Lair:5   | Found a large runed translucent door.
 23502 | Lair:5   | 23502 ||| READING scroll labelled HEOLADW CAMOX.
 23503 | Lair:5   | 23503 ||| PLANNING D
 23699 | D:12     | 23699 ||| FLEEEEING.
 23700 | D:12     | 23700 ||| FLEEEEING.
 23701 | D:12     | 23701 ||| FLEEEEING.
 23702 | D:12     | 23702 ||| FLEEEEING.
 23703 | D:12     | 23703 ||| STAIRDANCE
 23855 | D:12     | 23855 ||| Stepping ~*~*~tactically~*~*~ (stealth).
 23865 | D:12     | 23865 ||| INVOKING Brothers in Arms.
 23866 | D:12     | 23866 ||| INVOKING Brothers in Arms.
 23867 | D:12     | 23867 ||| INVOKING Brothers in Arms.
 23869 | D:12     | 23869 ||| SWAPPING to +0 flail.
 23871 | D:12     | 23871 ||| INVOKING Berserk.
 23879 | D:12     | 23879 ||| SWAPPING to +5 spectral war axe.
 24104 | D:12     | Found a staircase to the Orcish Mines.
 24221 | D:12     | Reached skill level 6 in Throwing
 24239 | D:12     | Found a portal to a secret trove of treasure.
 24300 | D:12     | Noticed a frost giant
 24301 | D:12     | Found a runed translucent door.
 24303 | D:12     | Noticed a tengu reaver
 24303 | D:12     | Noticed a sphinx
 24303 | D:12     | Identified the +5 battleaxe "Zunug" {venom, *Corrode rPois
                  | rC+ rN++}
 24303 | D:12     | Noticed a fire giant
 24303 | D:12     | Noticed a frost giant
 24341 | D:12     | 24341 ||| READING scroll labelled SELIDIT BISIEPS.
 24442 | D:12     | 24442 ||| READING 7 scrolls of identify.
 24442 | D:12     | 24442 ||| IDENTIFYING sapphire potion
 24443 | D:12     | 24443 ||| DROPPING potion of ambrosia.
 24507 | D:13     | 24507 ||| Stepping ~*~*~tactically~*~*~ (stealth).
 24510 | D:13     | 24510 ||| STAIRDANCE
 24631 | D:13     | 24631 ||| STAIRDANCE
 24765 | D:13     | 24765 ||| STAIRDANCE
 24767 | D:12     | 24767 ||| INVOKING Berserk.
 25003 | D:13     | 25003 ||| STAIRDANCE
 25005 | D:12     | 25005 ||| INVOKING Berserk.
 25251 | D:13     | 25251 ||| STAIRDANCE
 25372 | D:13     | 25372 ||| STAIRDANCE
 25493 | D:13     | 25493 ||| STAIRDANCE
 25615 | D:13     | 25615 ||| STAIRDANCE
 26065 | D:13     | Found a glowing golden altar of the Shining One.
 26153 | D:13     | 26153 ||| INVOKING Berserk.
 26282 | D:13     | 26282 ||| INVOKING Berserk.
 26439 | D:13     | Found a gate to the Vaults.
 26440 | D:13     | 26440 ||| INVOKING Trog's Hand.
 26549 | D:13     | 26549 ||| INVOKING Berserk.
 26738 | D:13     | 26738 ||| INVOKING Berserk.
 27135 | D:13     | 27135 ||| READING scroll labelled ILO ODAOVVYQATOA.
 27135 | D:13     | Identified a scroll of acquirement
 27135 | D:13     | 27135 ||| ACQUIRING +3 pair of gauntlets of War {Slay+5}
 27135 | D:13     | Acquired the +3 pair of gauntlets of War {Slay+5}
 27135 | D:13     | Found the +3 pair of gauntlets of War {Slay+5}
 27137 | D:13     | 27137 ||| UPGRADING to +3 pair of gauntlets of War
                  | {Slay+5}.
 27259 | D:14     | 27259 ||| Stepping ~*~*~tactically~*~*~ (hiding).
 27386 | D:14     | Reached skill level 15 in Shields
 27436 | D:14     | 27436 ||| INVOKING Berserk.
 27582 | D:14     | Found a white marble altar of Elyvilon.
 27592 | D:14     | 27592 ||| INVOKING Berserk.
 28239 | D:15     | Entered Level 15 of the Dungeon
 28243 | D:15     | 28243 ||| SWAPPING to +0 flail.
 28245 | D:15     | 28245 ||| INVOKING Berserk.
 28251 | D:15     | 28251 ||| STAIRDANCE
 28253 | D:14     | 28253 ||| SWAPPING to +5 spectral war axe.
 28379 | D:15     | 28379 ||| Stepping ~*~*~tactically~*~*~ (stealth).
 28380 | D:15     | 28380 ||| INVOKING Berserk.
 28511 | D:15     | 28511 ||| Stepping ~*~*~tactically~*~*~ (stealth).
 28548 | D:15     | 28548 ||| INVOKING Berserk.
 28709 | D:15     | 28709 ||| Stepping ~*~*~tactically~*~*~ (hiding).
 28769 | D:15     | 28769 ||| Stepping ~*~*~tactically~*~*~ (hiding).
 28774 | D:15     | Noticed Azrael
 28777 | D:15     | 28777 ||| INVOKING Berserk.
 28781 | D:15     | Killed Azrael
 28785 | D:15     | 28785 ||| Stepping ~*~*~tactically~*~*~ (hiding).
 28793 | D:15     | Reached skill level 15 in Armour
 28797 | D:15     | Reached XP level 15. HP: 87/144 MP: 14/14
 28817 | D:15     | Reached skill level 6 in Dodging
 28850 | D:15     | 28850 ||| FLEEEEING.
 28851 | D:15     | 28851 ||| FLEEEEING.
 28852 | D:15     | 28852 ||| FLEEEEING.
 28853 | D:15     | 28853 ||| FLEEEEING.
 28854 | D:15     | 28854 ||| FLEEEEING.
 28855 | D:15     | 28855 ||| FLEEEEING.
 28856 | D:15     | 28856 ||| FLEEEEING.
 28857 | D:15     | 28857 ||| FLEEEEING.
 28858 | D:15     | 28858 ||| FLEEEEING.
 28859 | D:15     | 28859 ||| FLEEEEING.
 28860 | D:15     | 28860 ||| FLEEEEING.
 28861 | D:15     | 28861 ||| FLEEEEING.
 28862 | D:15     | 28862 ||| FLEEEEING.
 28863 | D:15     | 28863 ||| FLEEEEING.
 28864 | D:15     | 28864 ||| FLEEEEING.
 28865 | D:15     | 28865 ||| FLEEEEING.
 28866 | D:15     | 28866 ||| FLEEEEING.
 28867 | D:15     | 28867 ||| FLEEEEING.
 28868 | D:15     | 28868 ||| FLEEEEING.
 28869 | D:15     | 28869 ||| INVOKING Berserk.
 29197 | D:15     | Found a staircase to the Depths.
 29244 | D:15     | Found the +9 scales of the Dragon King {rPois rF+ rC+
                  | Will+}
 29604 | D:15     | 29604 ||| PLANNING ORC
 29604 | D:15     | 29604 ||| UPGRADING to +9 scales of the Dragon King {rPois
                  | rF+ rC+ Will+}.
 29614 | D:15     | 29614 ||| DROPPING +3 plate armour.
 29615 | D:15     | 29615 ||| READING scroll labelled UHANUW YSUOCZU.
 29696 | Orc:1    | Entered Level 1 of the Orcish Mines
 29769 | Orc:2    | Entered Level 2 of the Orcish Mines
 29815 | Orc:2    | Noticed Snorg
 29821 | Orc:2    | 29821 ||| INVOKING Berserk.
 29824 | Orc:2    | Killed Snorg
 29951 | Orc:2    | Found a staircase to the Elven Halls.
 29985 | Orc:2    | Noticed Saint Roka
 29986 | Orc:2    | 29986 ||| Stepping ~*~*~tactically~*~*~ (hiding).
 29998 | Orc:2    | 29998 ||| Stepping ~*~*~tactically~*~*~ (hiding).
 29999 | Orc:2    | 29999 ||| Stepping ~*~*~tactically~*~*~ (hiding).
 30002 | Orc:2    | 30002 ||| Stepping ~*~*~tactically~*~*~ (hiding).
 30008 | Orc:2    | 30008 ||| Stepping ~*~*~tactically~*~*~ (hiding).
 30009 | Orc:2    | 30009 ||| Stepping ~*~*~tactically~*~*~ (hiding).
 30014 | Orc:2    | 30014 ||| INVOKING Berserk.
 30023 | Orc:2    | Killed Saint Roka
 30048 | Orc:2    | 30048 ||| Stepping ~*~*~tactically~*~*~ (stealth).
 30049 | Orc:2    | 30049 ||| INVOKING Trog's Hand.
 30183 | Orc:2    | 30183 ||| Stepping ~*~*~tactically~*~*~ (stealth).
 30185 | Orc:2    | 30185 ||| Stepping ~*~*~tactically~*~*~ (hiding).
 30385 | Orc:2    | 30385 ||| Stepping ~*~*~tactically~*~*~ (stealth).
 30415 | Orc:2    | 30415 ||| Stepping ~*~*~tactically~*~*~ (stealth).
 30453 | Orc:2    | Noticed Josephine
 30457 | Orc:2    | Killed Josephine
 30473 | Orc:2    | 30473 ||| Stepping ~*~*~tactically~*~*~ (stealth).
 30487 | Orc:2    | 30487 ||| Stepping ~*~*~tactically~*~*~ (stealth).
 30490 | Orc:2    | 30490 ||| Stepping ~*~*~tactically~*~*~ (stealth).
 30515 | Orc:2    | 30515 ||| DROPPING +0 flail.
 30517 | Orc:2    | 30517 ||| Stepping ~*~*~tactically~*~*~ (stealth).
 30525 | Orc:2    | Noticed an orc warlord
 30527 | Orc:2    | 30527 ||| INVOKING Trog's Hand.
 30533 | Orc:2    | 30533 ||| INVOKING Berserk.
 30541 | Orc:2    | Killed an orc warlord
 30542 | Orc:2    | Found Cutexi's Antique Weapon Emporium.
 30652 | Orc:2    | Found Dyisufet's Antique Armour Shoppe.
 30662 | Orc:2    | 30662 ||| BUYING bone morningstar (261 gold).
 30662 | Orc:2    | Bought a bone morningstar for 261 gold pieces
 30662 | Orc:2    | Identified the +9 morningstar "Vamy" {venom, rF+ Will+}
                  | (You bought it in a shop on level 2 of the Orcish Mines)
 30662 | Orc:2    | 30662 ||| DROPPING +2 flail of protection.
 30696 | Orc:2    | Found a runed translucent door.
 30698 | Orc:2    | Found a shimmering altar of Xom.
 30698 | Orc:2    | Noticed qw's ghost (journeyman TrCA)
 30752 | Orc:2    | 30752 ||| Stepping ~*~*~tactically~*~*~ (hiding).
 30780 | Orc:2    | 30780 ||| Stepping ~*~*~tactically~*~*~ (stealth).
 30781 | Orc:2    | 30781 ||| Stepping ~*~*~tactically~*~*~ (stealth).
 30797 | Orc:2    | 30797 ||| Stepping ~*~*~tactically~*~*~ (hiding).
 30809 | Orc:2    | Found Neunowim's Antique Weapon Boutique.
 30815 | Orc:2    | 30815 ||| BUYING glowing broad axe (238 gold).
 30815 | Orc:2    | Bought a glowing broad axe for 238 gold pieces
 30815 | Orc:2    | 30815 ||| SWAPPING to +0 broad axe of freezing.
 30816 | Orc:2    | 30816 ||| DROPPING +5 spectral war axe.
 31196 | Orc:2    | 31196 ||| Stepping ~*~*~tactically~*~*~ (stealth).
 31205 | Orc:2    | Received a gift from Trog
 31209 | Orc:2    | 31209 ||| Stepping ~*~*~tactically~*~*~ (stealth).
 31211 | Orc:2    | 31211 ||| INVOKING Berserk.
 31324 | Orc:2    | 31324 ||| DROPPING +1 vorpal broad axe.
 31326 | Orc:2    | Found Cowolol's Jewellery Boutique.
 31335 | Orc:2    | 31335 ||| BUYING +4 ring of evasion (540 gold).
 31335 | Orc:2    | Bought a +4 ring of evasion for 540 gold pieces
 31335 | Orc:2    | 31335 ||| BUYING +6 ring of strength (540 gold).
 31335 | Orc:2    | Bought a +6 ring of strength for 540 gold pieces
 31335 | Orc:2    | 31335 ||| SHOPLISTING amulet "Juntut" {Acrobat rC- Str+3
                  | Dex+6} (733 gold, have 321).
 31335 | Orc:2    | 31335 ||| SHOPLISTING ring "Bakkulux" {rC+ SInv} (435 gold,
                  | have 321).
 31335 | Orc:2    | 31335 ||| BUYING ring of see invisible (225 gold).
 31335 | Orc:2    | Bought a ring of see invisible for 225 gold pieces
 31388 | Orc:2    | 31388 ||| DROPPING ring of positive energy.
 31389 | Orc:2    | 31389 ||| UPGRADING to +4 ring of evasion.
 31391 | Orc:2    | 31391 ||| DROPPING ring of positive energy.
 31392 | Orc:2    | 31392 ||| UPGRADING to +6 ring of strength.
 31394 | Orc:2    | 31394 ||| DROPPING ring of willpower.
 31395 | Orc:2    | 31395 ||| UPGRADING to ring of see invisible.
 31397 | Orc:2    | 31397 ||| DROPPING ring of resist corrosion.
 31791 | Orc:1    | 31791 ||| Stepping ~*~*~tactically~*~*~ (stealth).
 31792 | Orc:1    | 31792 ||| INVOKING Brothers in Arms.
 31793 | Orc:1    | 31793 ||| INVOKING Brothers in Arms.
 31794 | Orc:1    | 31794 ||| INVOKING Berserk.
 31954 | Orc:1    | 31954 ||| INVOKING Berserk.
 32165 | Orc:1    | 32165 ||| PLANNING SNAKE:1-3
 32315 | Snake:1  | Entered Level 1 of the Snake Pit
 32591 | Snake:1  | 32591 ||| Stepping ~*~*~tactically~*~*~ (stealth).
 32632 | Snake:1  | 32632 ||| Stepping ~*~*~tactically~*~*~ (stealth).
 32635 | Snake:1  | 32635 ||| INVOKING Berserk.
 32728 | Snake:1  | 32728 ||| READING scroll of acquirement.
 32728 | Snake:1  | 32728 ||| ACQUIRING +0 vampiric broad axe
 32728 | Snake:1  | Acquired a +0 vampiric broad axe
 32730 | Snake:1  | 32730 ||| SWAPPING to +0 vampiric broad axe.
 32731 | Snake:1  | 32731 ||| DROPPING +0 broad axe of freezing.
 32792 | Snake:1  | 32792 ||| INVOKING Berserk.
 32907 | Snake:1  | Noticed Agnes
 32908 | Snake:1  | 32908 ||| Stepping ~*~*~tactically~*~*~ (stealth).
 32915 | Snake:1  | Noticed Aizul
 32916 | Snake:1  | 32916 ||| INVOKING Trog's Hand.
 32919 | Snake:1  | 32919 ||| INVOKING Berserk.
 32931 | Snake:1  | Killed Aizul
 32939 | Snake:1  | Killed Agnes
 33052 | Snake:1  | Identified the +1 pair of boots of the Lonely Songs {rC-
                  | Str-4 Int+8 Dex+6}
 33433 | Snake:1  | 33433 ||| DROPPING +1 pair of boots of the Lonely Songs
                  | {rC- Str-4 Int+8 Dex+6}.
 33477 | Snake:2  | 33477 ||| Stepping ~*~*~tactically~*~*~ (hiding).
 33532 | Snake:2  | Reached skill level 18 in Axes
 33568 | Snake:2  | 33568 ||| Stepping ~*~*~tactically~*~*~ (hiding).
 33571 | Snake:2  | 33571 ||| INVOKING Berserk.
 33683 | Snake:2  | 33683 ||| Stepping ~*~*~tactically~*~*~ (hiding).
 33685 | Snake:2  | 33685 ||| INVOKING Berserk.
 33832 | Snake:2  | Found a transporter.
 33900 | Snake:2  | Reached XP level 16. HP: 141/155 MP: 15/15
 33925 | Snake:2  | 33925 ||| Stepping ~*~*~tactically~*~*~ (stealth).
 34034 | Snake:2  | Found Mupsikiru's Weapon Shoppe.
 34034 | Snake:2  | Found Qoj Kytt's General Store.
 34138 | Snake:2  | 34138 ||| Stepping ~*~*~tactically~*~*~ (hiding).
 34273 | Snake:2  | 34273 ||| Stepping ~*~*~tactically~*~*~ (hiding).
 34336 | Snake:2  | Noticed Roxanne
 34340 | Snake:2  | 34340 ||| INVOKING Berserk.
 34356 | Snake:2  | Killed Roxanne
 34502 | Snake:2  | Found a transporter.
 34564 | Snake:2  | 34564 ||| Stepping ~*~*~tactically~*~*~ (hiding).
 34582 | Snake:2  | Reached skill level 18 in Armour
 34631 | Snake:2  | 34631 ||| INVOKING Berserk.
 34773 | Snake:2  | Noticed qw's ghost (adept TrCA)
 34807 | Snake:2  | Found a glowing golden altar of the Shining One.
 34844 | Snake:2  | 34844 ||| UPGRADING to +0 tower shield.
 34854 | Snake:2  | 34854 ||| DROPPING +0 kite shield.
 34927 | Snake:3  | 34927 ||| INVOKING Berserk.
 35068 | Snake:3  | 35068 ||| INVOKING Berserk.
 35237 | Snake:3  | 35237 ||| Stepping ~*~*~tactically~*~*~ (hiding).
 35300 | Snake:3  | 35300 ||| Stepping ~*~*~tactically~*~*~ (hiding).
 35302 | Snake:3  | 35302 ||| INVOKING Berserk.
 35421 | Snake:3  | Found a gateway to a bazaar.
 35422 | Snake:3  | 35422 ||| PLANNING BAZAAR
 35422 | Snake:3  | 35422 ||| UPGRADING to +2 tower shield of fire resistance.
 35432 | Snake:3  | 35432 ||| DROPPING +0 tower shield.
 35441 | Bazaar   | Entered a bazaar
 35470 | Bazaar   | Found Yhaorrico's Assorted Antiques.
 35478 | Bazaar   | 35478 ||| BUYING 2 potions of heal wounds (200 gold).
 35478 | Bazaar   | Bought 2 potions of heal wounds for 200 gold pieces
 35478 | Bazaar   | 35478 ||| BUYING potion of curing (60 gold).
 35478 | Bazaar   | Bought a potion of curing for 60 gold pieces
 35487 | Bazaar   | Found Jigaxom's Book Emporium.
 35544 | Bazaar   | Found Udept's Assorted Antiques.
 35548 | Bazaar   | 35548 ||| BUYING garnet ring (115 gold).
 35548 | Bazaar   | Bought a garnet ring for 115 gold pieces
 35548 | Bazaar   | 35548 ||| BUYING potion of curing (69 gold).
 35548 | Bazaar   | Bought a potion of curing for 69 gold pieces
 35561 | Bazaar   | Found Cigent's Antique Weapon Emporium.
 35566 | Bazaar   | 35566 ||| DROPPING +6 ring of strength.
 35591 | Snake:3  | 35591 ||| PLANNING SNAKE:1-3
 35596 | Snake:3  | 35596 ||| INVOKING Berserk.
 35943 | Snake:3  | 35943 ||| Stepping ~*~*~tactically~*~*~ (hiding).
 35948 | Snake:3  | 35948 ||| INVOKING Berserk.
 36096 | Snake:3  | 36096 ||| PLANNING SHOALS:1-3
 36209 | Shoals:1 | Entered Level 1 of the Shoals
 36217 | Shoals:1 | 36217 ||| INVOKING Brothers in Arms.
 36285 | Shoals:1 | 36285 ||| READING scroll of enchant weapon.
 36285 | Shoals:1 | 36285 ||| ENCHANTING +0 vampiric broad axe.
 36340 | Shoals:1 | 36340 ||| INVOKING Berserk.
 36427 | Shoals:1 | 36427 ||| INVOKING Brothers in Arms.
 36428 | Shoals:1 | 36428 ||| Stepping randomly (cloudy).
 36429 | Shoals:1 | 36429 ||| Stepping ~*~*~tactically~*~*~ (cloud).
 36430 | Shoals:1 | 36430 ||| INVOKING Berserk.
 36449 | Shoals:1 | 36449 ||| INVOKING Trog's Hand.
 36624 | Shoals:1 | Reached skill level 18 in Shields
 36799 | Shoals:1 | 36799 ||| INVOKING Trog's Hand.
 36816 | Shoals:1 | 36816 ||| INVOKING Berserk.
 37181 | Shoals:1 | 37181 ||| INVOKING Berserk.
 37302 | Shoals:1 | 37302 ||| DROPPING amulet of guardian spirit.
 37329 | Shoals:2 | 37329 ||| Stepping ~*~*~tactically~*~*~ (hiding).
 37351 | Shoals:2 | 37351 ||| Stepping ~*~*~tactically~*~*~ (hiding).
 37352 | Shoals:2 | 37352 ||| Stepping ~*~*~tactically~*~*~ (hiding).
 37366 | Shoals:2 | 37366 ||| INVOKING Berserk.
 37508 | Shoals:2 | 37508 ||| Stepping ~*~*~tactically~*~*~ (hiding).
 37510 | Shoals:2 | 37510 ||| INVOKING Berserk.
 37521 | Shoals:2 | Reached XP level 17. HP: 161/161 MP: 16/16
 37615 | Shoals:2 | Noticed qw's ghost (adept TrCA)
 37623 | Shoals:2 | Found a bloodstained altar of Trog.
 37650 | Shoals:2 | Reached skill level 9 in Throwing
 37676 | Shoals:2 | 37676 ||| READING scroll of enchant weapon.
 37676 | Shoals:2 | 37676 ||| ENCHANTING +1 vampiric broad axe.
 37699 | Shoals:2 | Found a transporter.
 37704 | Shoals:2 | Found a transporter.
 37850 | Shoals:2 | Noticed a kraken
 37861 | Shoals:2 | Killed a kraken
 37980 | Shoals:2 | 37980 ||| INVOKING Trog's Hand.
 37981 | Shoals:2 | 37981 ||| FLEEEEING.
 37982 | Shoals:2 | 37982 ||| FLEEEEING.
 37987 | Shoals:2 | 37987 ||| Stepping ~*~*~tactically~*~*~ (hiding).
 37991 | Shoals:2 | 37991 ||| Stepping ~*~*~tactically~*~*~ (hiding).
 37993 | Shoals:2 | 37993 ||| Stepping ~*~*~tactically~*~*~ (hiding).
 37994 | Shoals:2 | 37994 ||| Stepping ~*~*~tactically~*~*~ (hiding).
 38199 | Shoals:2 | 38199 ||| DROPPING +1 pair of boots.
 38200 | Shoals:2 | 38200 ||| DROPPING amulet of magic regeneration.
 38260 | Shoals:3 | 38260 ||| Stepping ~*~*~tactically~*~*~ (hiding).
 38261 | Shoals:3 | 38261 ||| Stepping ~*~*~tactically~*~*~ (hiding).
 38264 | Shoals:3 | Found a runed translucent door.
 38264 | Shoals:3 | Noticed qw's ghost (adept FoCA)
 38420 | Shoals:3 | 38420 ||| INVOKING Trog's Hand.
 38499 | Shoals:3 | 38499 ||| INVOKING Berserk.
 38534 | Shoals:3 | 38534 ||| Stepping ~*~*~tactically~*~*~ (stealth).
 38658 | Shoals:3 | 38658 ||| INVOKING Berserk.
 38853 | Shoals:3 | 38853 ||| INVOKING Berserk.
 38939 | Shoals:3 | 38939 ||| Stepping ~*~*~tactically~*~*~ (stealth).
 38940 | Shoals:3 | 38940 ||| Stepping ~*~*~tactically~*~*~ (stealth).
 38941 | Shoals:3 | 38941 ||| Stepping ~*~*~tactically~*~*~ (stealth).
 39258 | Shoals:3 | 39258 ||| DROPPING +1 hat of stealth.
 39259 | Shoals:3 | 39259 ||| PLANNING SNAKE:4
 39413 | Snake:4  | Entered Level 4 of the Snake Pit
 39414 | Snake:4  | 39414 ||| STAIRDANCE
 39461 | Snake:4  | 39461 ||| INVOKING Berserk.
 39505 | Snake:4  | 39505 ||| FLEEEEING.
 39506 | Snake:4  | 39506 ||| FLEEEEING.
 39703 | Snake:4  | 39703 ||| Stepping ~*~*~tactically~*~*~ (hiding).
 39769 | Snake:4  | 39769 ||| READING 10 scrolls of teleportation.
 39816 | Snake:4  | Found a runed translucent gate.
 39816 | Snake:4  | Found a runed translucent gate.
 39816 | Snake:4  | Found a runed translucent gate.
 39817 | Snake:4  | Found an opulent altar of Gozag.
 39818 | Snake:4  | 39818 ||| Stepping ~*~*~tactically~*~*~ (stealth).
 39818 | Snake:4  | Noticed wjtupper's ghost (adept MiHu)
 39846 | Snake:4  | 39846 ||| INVOKING Berserk.
 39861 | Snake:4  | 39861 ||| Stepping ~*~*~tactically~*~*~ (hiding).
 39874 | Snake:4  | 39874 ||| INVOKING Brothers in Arms.
 39958 | Snake:4  | 39958 ||| Stepping ~*~*~tactically~*~*~ (stealth).
 39977 | Snake:4  | Received a gift from Trog
 39978 | Snake:4  | 39978 ||| Stepping ~*~*~tactically~*~*~ (hiding).
 39983 | Snake:4  | 39983 ||| INVOKING Berserk.
 39999 | Snake:4  | Reached skill level 18 in Fighting
 40006 | Snake:4  | 40006 ||| INVOKING Brothers in Arms.
 40015 | Snake:4  | 40015 ||| INVOKING Brothers in Arms.
 40020 | Snake:4  | HP: 35/163 [naga/+0 war axe (8)]
 40021 | Snake:4  | 40021 ||| READING 9 scrolls of teleportation.
 40022 | Snake:4  | 40022 ||| DRINKING 4 potions of heal wounds.
 40024 | Snake:4  | 40024 ||| DRINKING 3 potions of heal wounds.
 40206 | Snake:4  | 40206 ||| INVOKING Berserk.
 40460 | Snake:4  | 40460 ||| INVOKING Berserk.
 40731 | Snake:4  | 40731 ||| Stepping ~*~*~tactically~*~*~ (stealth).
 40732 | Snake:4  | 40732 ||| Stepping ~*~*~tactically~*~*~ (stealth).
 40734 | Snake:4  | 40734 ||| Stepping ~*~*~tactically~*~*~ (hiding).
 40793 | Snake:4  | 40793 ||| Stepping ~*~*~tactically~*~*~ (stealth).
 40795 | Snake:4  | 40795 ||| Stepping ~*~*~tactically~*~*~ (hiding).
 40833 | Snake:4  | 40833 ||| Stepping ~*~*~tactically~*~*~ (stealth).
 40835 | Snake:4  | 40835 ||| Stepping ~*~*~tactically~*~*~ (hiding).
 40876 | Snake:4  | 40876 ||| Stepping ~*~*~tactically~*~*~ (hiding).
 40880 | Snake:4  | 40880 ||| INVOKING Berserk.
 41007 | Snake:4  | Got a serpentine rune of Zot
 41079 | Snake:4  | 41079 ||| Stepping ~*~*~tactically~*~*~ (hiding).
 41097 | Snake:4  | Reached XP level 18. HP: 172/172 MP: 17/17
 41102 | Snake:4  | 41102 ||| DROPPING +9 morningstar "Vamy" {venom, rF+
                  | Will+}.
 41200 | Snake:4  | Identified the +1 ring mail of Disguise {-Tele rElec rPois
                  | Int+4}
 41278 | Snake:4  | 41278 ||| READING 8 scrolls of teleportation.
 41279 | Snake:4  | 41279 ||| PLANNING VAULTS:1-4
 41551 | Vaults:1 | Entered Level 1 of the Vaults
 41861 | Vaults:1 | 41861 ||| INVOKING Trog's Hand.
 41984 | Vaults:1 | 41984 ||| Stepping ~*~*~tactically~*~*~ (stealth).
 42593 | Vaults:2 | 42593 ||| INVOKING Trog's Hand.
 42594 | Vaults:2 | 42594 ||| STAIRDANCE
 42601 | Vaults:2 | 42601 ||| STAIRDANCE
 42608 | Vaults:1 | 42608 ||| INVOKING Trog's Hand.
 42614 | Vaults:2 | 42614 ||| DRINKING 4 potions of resistance.
 42630 | Vaults:2 | 42630 ||| STAIRDANCE
 42662 | Vaults:2 | 42662 ||| STAIRDANCE
 42666 | Vaults:2 | 42666 ||| STAIRDANCE
 42673 | Vaults:2 | 42673 ||| DRINKING 3 potions of resistance.
 42731 | Vaults:2 | 42731 ||| INVOKING Trog's Hand.
 42857 | Vaults:2 | Identified the +3 leather armour of Painted Beauty {rC+
                  | Regen+}
 43029 | Vaults:2 | Found Kinant's General Store.
 43032 | Vaults:2 | 43032 ||| BUYING potion of haste (100 gold).
 43032 | Vaults:2 | Bought a potion of haste for 100 gold pieces
 43073 | Vaults:2 | 43073 ||| Stepping ~*~*~tactically~*~*~ (hiding).
 43075 | Vaults:2 | 43075 ||| INVOKING Trog's Hand.
 43151 | Vaults:2 | Received a gift from Trog
 43192 | Vaults:2 | 43192 ||| INVOKING Berserk.
 43327 | Vaults:2 | 43327 ||| INVOKING Trog's Hand.
 43335 | Vaults:2 | 43335 ||| Stepping ~*~*~tactically~*~*~ (hiding).
 43336 | Vaults:2 | 43336 ||| DRINKING 2 potions of resistance.
 43355 | Vaults:2 | 43355 ||| INVOKING Trog's Hand.
 43356 | Vaults:2 | 43356 ||| INVOKING Berserk.
 43369 | Vaults:2 | 43369 ||| INVOKING Brothers in Arms.
 43376 | Vaults:2 | 43376 ||| INVOKING Brothers in Arms.
 43379 | Vaults:2 | Noticed a tentacled monstrosity
 43382 | Vaults:2 | 43382 ||| INVOKING Trog's Hand.
 43383 | Vaults:2 | 43383 ||| INVOKING Brothers in Arms.
 43383 | Vaults:2 | HP: 17/176 [tengu reaver/+1 bardiche (33)]
 43384 | Vaults:2 | 43384 ||| READING 8 scrolls of teleportation.
 43384 | Vaults:2 | Slain by a tentacled monstrosity

Levels and vault maps discovered:
D:1:      dpeg_arrival_prison, layout_basic, serial_shops,
          nicolae_shop_behind_doors, minmay_misc_feat_alley
D:2:      layout_loops_corners, nicolae_ecumenical_snake_handling,
          minmay_mini_jars
D:3:      cheibrodos_old_hovel, layout_loops_ring
D:4:      layout_basic
D:5:      layout_basic, kennysheep_little_box
D:6:      nicolae_cairo_tiling, layout_loops_corners, temple_doors_ab
D:7:      layout_loops_cross, uniq_crazy_yiuf_cottage
D:8:      nzn_winding_woodlands_three_and_one [nzn_winding_woodlands_5x15_pool,
          nzn_winding_woodlands_5x15_default,
          nzn_winding_woodlands_5x15_sawtooth,
          nzn_winding_woodlands_center_lodge], layout_loops_ring, special_room
          [special_room_orc], serial_bayou_pond_b, grunt_decor_cap, st_stairs_8,
          minmay_diamond_spiral
D:9:      layout_basic, lemuel_round_altar, enter_bailey_3, minivault_25,
          uniq_maurice
D:10:     layout_loops_ring, minmay_puff, uniq_sonja
D:11:     layout_small_grid, erik_lair_orcish_takeover,
          nicolae_vehumet_altar_sigil
D:12:     minmay_gate_of_8, layout_gridville, orc_0_dummy, enter_trove_5
D:13:     layout_basic, david_vaults_1, nicolae_tso_carved_into_rock
D:14:     layout_loops_ring, nicolae_elyvilon_temple_path, st_stairs_4
D:15:     gammafunk_depths_entry_grave, layout_loops_corners,
          minmay_misc_feat_columns, uniq_azrael
Lair:1:   layout_small_grid, gammafunk_ghost_abyssal_escape,
          infiniplex_staircase_pool_2, serial_bayou_shore_b
Lair:2:   layout_misc_corridors, guppyfry_snake_entry_island, serial_rivers,
          chequers_serial_rivers_micro_a, chequers_serial_rivers_small_3,
          chequers_serial_rivers_room_a, chequers_serial_rivers_micro_d,
          chequers_serial_rivers_micro_d, chequers_serial_rivers_room_b,
          minivault_24, infiniplex_staircase_pool
Lair:3:   layout_layer_cave, minmay_shoals_entry_hut, grunt_megastairs_4
Lair:4:   hellmonk_destroyed_diamonds, layout_gridlike
Lair:5:   cheibrodos_lair_end_hotspot, layout_misc_corridors, slime_entry_2,
          portal_ice_cave_entry_pillars_2, chequers_serial_rivers_small_a,
          amcnicky_mini_pool_medium, uniq_rupert, uniq_urug
Shoals:1: dreamdust_from_the_deep, layout_shoals,
          nicolae_shoals_siren_and_animal_friends
Shoals:2: layout_shoals, gammafunk_ghost_wrathful_warriors
Shoals:3: layout_shoals, hellmonk_ghost_happy_afterlife,
          nicolae_shoals_dead_sea_scrolls
Snake:1:  layout_gridlike, nicolae_integral_box, uniq_agnes, uniq_aizul
Snake:2:  layout_gridlike, gammafunk_ghost_berserking_beasts, basic_altar,
          grunt_ministairs_2, minmay_shoptagon, serial_bayou_shore_b,
          nicolae_triple_integral, uniq_roxanne
Snake:3:  layout_onion, special_room, serial_shops, bzr_entry_lakeside
Snake:4:  grunt_snake_rune_serpentine_throne, layout_cave_pods,
          ebering_ghost_gozag, grunt_megastairs_1
Orc:1:    layout_caves
Orc:2:    grunt_orc_community_town_hall, layout_caves,
          grunt_orc_community_big_house_1, grunt_orc_community_big_house_2,
          grunt_orc_community_house_1, grunt_orc_community_house_3,
          grunt_orc_community_house_3, grunt_orc_community_house_3,
          ebering_ghost_xom, mines2_lemuel, uniq_snorg, uniq_saint_roka,
          uniq_josephine
Vaults:1: v_alt_pattern_2, nicolae_vaults_little_ls, v_misc_14,
          hangedman_vaults_stagger, nicolae_vaults_little_squares_3,
          vaults_mumra_chevron, v_misc_9, v_misc_16, vaults_room_fours,
          layout_vaults_omnicross
Vaults:2: v_misc_25, vaults_mumra_minichess_inversion, ontoclasm_vaults_tryst,
          nicolae_vaults_what_the_h, grunt_vaults_swirl,
          nicolae_vaults_network_s, hangedman_vaults_snaps, v_misc_9,
          grunt_vaults_diagonal, dpeg_vaults_pockets_of_resistance,
          ontoclasm_vaults_ring_small, nicolae_vaults_specimen_jars,
          vaults_dpeg_encased_lava, vaults_dpeg_hooks, layout_vaults_ring,
          serial_shops, nicolae_shop_behind_doors

Skill      XL: |  1  2  3  4  5  6  7  8  9 10 11 12 13 14 15 16 17 18 |
---------------+-------------------------------------------------------+-----
Axes           | 4 5 6 8 9 10 11 13 14 16 18 | 18.0
Fighting       | 4 5 6 8 10 12 14 15 16 17 18 19 | 19.0
Shields        | 3 4 5 7 9 12 15 18 20 | 20.2
Armour         | 3 5 6 8 10 12 14 15 17 18 19 20 | 20.3
Throwing       | 2 3 4 7 8 10 11 | 11.0
Dodging        | 3 5 6 7 |  7.0

Action                   |  1- 3 |  4- 6 |  7- 9 | 10-12 | 13-15 | 16-18 || total
-------------------------+-------+-------+-------+-------+-------+-------++-------
Melee: Hand axe          |    78 |   129 |   223 |   109 |       |       ||   539
       Headbutt          |     9 |    15 |    36 |   134 |   184 |   287 ||   665
       Punch             |       |     1 |       |       |       |       ||     1
       War axe           |       |       |       |   514 |   565 |       ||  1079
       Flail             |       |       |       |       |    28 |       ||    28
       Broad axe         |       |       |       |       |   190 |  1115 ||  1305
Throw: Boomerang         |       |    25 |    51 |   122 |   145 |    12 ||   355
       Javelin           |       |       |       |       |    28 |    43 ||    71
Invok: Berserk           |       |     3 |    10 |    22 |    37 |    24 ||    96
       Brothers in Arms  |       |       |       |       |     7 |     8 ||    15
       Trog's Hand       |       |       |       |       |     5 |    12 ||    17
  Use: Scroll            |     3 |     6 |     5 |    16 |     9 |     6 ||    45
       Potion            |       |     2 |       |     6 |       |     5 ||    13
 Stab: Sleeping          |     1 |       |       |       |       |       ||     1
       Distracted        |       |       |       |       |     7 |     1 ||     8
Armor: Animal skin       |     5 |       |       |       |       |       ||     5
       Chain mail        |     6 |    55 |     2 |       |       |       ||    63
       Plate armour      |       |       |    96 |   255 |   219 |       ||   570
       Gold dragon scale |       |       |       |       |   105 |   491 ||   596
Dodge: Dodged            |    30 |    56 |    54 |   124 |   145 |   319 ||   728
Block: Buckler           |       |       |    27 |    99 |    20 |       ||   146
       Kite shield       |       |       |       |       |   304 |    48 ||   352
       Tower shield      |       |       |       |       |       |  1099 ||  1099

Table legend:
 A = Non-vault XP
 B = Vault XP
 C = Vault XP percentage of total XP
 D = Non-vault monster count
 E = Vault monster count
 F = Vault count percentage of total count
                 A         B        C        D         E       F
            +---------+---------+-------+---------+---------+-------
      Total |  217349 |  123406 |  36.2 |     713 |     338 |  32.2
            +---------+---------+-------+---------+---------+-------
        D:1 |      51 |       6 |  10.5 |      30 |       3 |   9.1
        D:2 |      92 |      83 |  47.4 |      18 |      14 |  43.8
        D:3 |      80 |       2 |   2.4 |      17 |       1 |   5.6
        D:4 |     591 |       0 |   0.0 |      21 |       0 |   0.0
        D:5 |    1029 |       0 |   0.0 |      22 |       0 |   0.0
        D:6 |    1521 |       0 |   0.0 |      26 |       0 |   0.0
        D:7 |    1485 |       0 |   0.0 |      18 |       0 |   0.0
        D:8 |    1286 |    7202 |  84.8 |      18 |      46 |  71.9
        D:9 |    2196 |     504 |  18.7 |      25 |       5 |  16.7
       D:10 |    2893 |    1346 |  31.8 |      21 |       5 |  19.2
       D:11 |    5075 |     626 |  11.0 |      25 |       9 |  26.5
       D:12 |    6348 |     881 |  12.2 |      22 |       1 |   4.3
       D:13 |    6378 |    1753 |  21.6 |      14 |       3 |  17.6
       D:14 |    4051 |     259 |   6.0 |       8 |       1 |  11.1
       D:15 |   13683 |    6842 |  33.3 |      22 |      16 |  42.1
     Lair:1 |    5302 |       0 |   0.0 |      22 |       0 |   0.0
     Lair:2 |    2508 |     326 |  11.5 |      12 |       2 |  14.3
     Lair:3 |    1666 |    1578 |  48.6 |       7 |       6 |  46.2
     Lair:4 |   10465 |       0 |   0.0 |      31 |       0 |   0.0
     Lair:5 |   15922 |   10538 |  39.8 |      41 |      32 |  43.8
   Shoals:1 |   16093 |    9570 |  37.3 |      36 |      13 |  26.5
   Shoals:2 |   15051 |       0 |   0.0 |      27 |       0 |   0.0
   Shoals:3 |   16682 |       0 |   0.0 |      30 |       0 |   0.0
    Snake:1 |   10528 |    2660 |  20.2 |      17 |       2 |  10.5
    Snake:2 |   17803 |    3931 |  18.1 |      34 |       6 |  15.0
    Snake:3 |   17907 |       0 |   0.0 |      38 |       0 |   0.0
    Snake:4 |   21321 |   27980 |  56.8 |      38 |      40 |  51.3
      Orc:1 |    4222 |       0 |   0.0 |      40 |       0 |   0.0
      Orc:2 |     623 |   12124 |  95.1 |       7 |      88 |  92.6
   Vaults:1 |    8370 |   17223 |  67.3 |      14 |      22 |  61.1
   Vaults:2 |    6127 |   17972 |  74.6 |      12 |      23 |  65.7
            +---------+---------+-------+---------+---------+-------
